 Seeded DCSS version 0.29-a0-378-gc08b2e8bf8 (webtiles) character file.

Game seed: 13605594255664981076 (custom seed)

5806 thiscave3701365 the Cleaver (level 10, 0/132 HPs)
             Began as a Minotaur Berserker on May 4, 2022.
             Was an Elder of Trog.
             Succumbed to Grum's poison
             ... on level 8 of the Dungeon.
             The game lasted 00:08:38 (13893 turns).

thiscave3701365 the Cleaver (Minotaur Berserker)   Turns: 13893, Time: 00:08:39

Health: 0/132      AC:  0    Str: 25    XL:     10   Next: 50%
Magic:  9/9        EV: 21    Int:  4    God:    Trog [****..]
Gold:   428        SH:  0    Dex: 16    Spells: 9/9 levels left

rFire   . . .      SeeInvis .   (weapon currently unavailable)
rCold   . . .      Faith    .   (shield currently unavailable)
rNeg    . . .      Spirit   .   (body armour currently unavailable)
rPois   .          Reflect  .   (helmet currently unavailable)
rElec   .          Harm     .   (cloak currently unavailable)
rCorr   .          Rampage  .   (gloves currently unavailable)
Will    .....                   (boots currently unavailable)
Stlth   ..........              (no amulet)
HPRegen 0.32/turn               (ring currently unavailable)
MPRegen 0.11/turn               (ring currently unavailable)

@: berserking (expiring), lethally poisoned (0 -> -2), bat-form, flying, very
quick
A: fast, flying, no casting, tiny, (horns 2), (retaliatory headbutt)
a: Renounce Religion, Berserk, Trog's Hand, Brothers in Arms


You were on level 8 of the Dungeon.
You worshipped Trog.
Trog was greatly pleased with you.
You were a bat.
You visited 1 branch of the dungeon, and saw 8 of its levels.
You also visited: Ossuary.

You collected 428 gold pieces.

Inventory:

Hand Weapons
 a - a +0 hand axe (melded)
Missiles
 t - a throwing net
Armour
 z - the +0 chain mail "Fuibbaimp" (melded) {Str+3}
   (You found it on level 5 of the Dungeon)

   Str:       It affects your strength (+3).
 D - a +0 cloak (melded)
Jewellery
 r - a ring of protection from cold
Wands
 s - a wand of charming (10)
 u - a wand of digging (3)
 y - a wand of polymorph (4)
Scrolls
 d - a scroll of immolation {unknown}
 e - 9 scrolls of identify {unknown}
 g - 2 scrolls of blinking {unknown}
 h - 2 scrolls of fog {unknown}
 i - 3 scrolls of vulnerability {unknown}
 j - 2 scrolls of poison {unknown}
 o - a scroll of magic mapping {unknown}
 p - a scroll of torment {unknown}
 q - 2 scrolls of teleportation {unknown}
 x - 2 scrolls of fear {unknown}
 B - a scroll of noise {unknown}
Potions
 b - 2 potions of degeneration {unknown}
 c - 2 potions of brilliance {unknown}
 f - 4 potions of haste {unknown}
 k - a potion of might {unknown}
 l - a potion of ambrosia {unknown}
 m - 2 potions of magic {unknown}
 n - 2 potions of flight {unknown}
 v - 3 potions of heal wounds {unknown}
 w - 3 potions of mutation {unknown}
 A - 3 potions of lignification {unknown}
 C - 4 potions of curing {unknown}


   Skills:
 - Level 8.1 Fighting
 + Level 13.7 Axes
 - Level 10.2 Armour
 - Level 4.8 Dodging
 - Level 1.6 Stealth


You had 9 spell levels left.
You didn't know any spells.
Your spell library was empty.

Dungeon Overview and Level Annotations

Branches:
Dungeon (8/15)             Temple (0/1) D:4            Lair (0/6) D:8
Ossuary (visited)

Altars:
Ashenzari
Cheibriados
Gozag
Makhleb
Nemelex Xobeh
Okawaru
Uskayaw

Shops:
D:6 !


Innate Abilities, Weirdness & Mutations

You are a bat.
You are tiny and dextrous.
You move quickly.
You are flying.
Your equipment is almost entirely melded.
You are incapable of wielding weapons or throwing items.
You cannot cast spells.
((You have a pair of horns on your head.))
((You reflexively headbutt those who attack you in melee.))


Message History

Grum is moderately wounded.
You feel sick.
You barely miss Grum.
Grum is moderately wounded.
You feel sick. Grum completely misses you.
You bite Grum!
Grum is severely wounded.
You feel sick.
You hit Grum.
Grum is severely wounded.
You feel sick. Grum misses you.
You bite Grum!
Grum is almost dead.
You feel sick. Grum closely misses you.
You hit Grum.
Grum is almost dead.
You feel sick.
You hit Grum.
You kill Grum!
Trog accepts your kill.
You feel sick.
You hit the wolf.
The wolf is lightly wounded.
You feel sick. The wolf bites you.
* * * LOW HITPOINT WARNING * * *
You bite the wolf!
The wolf is severely wounded.
You feel sick. The wolf bites you!
* * * LOW HITPOINT WARNING * * *
You hit the wolf.
The wolf is severely wounded.
* * * LOW HITPOINT WARNING * * *
You feel sick. The wolf completely misses you.
You hit the wolf.
The wolf is almost dead.
* * * LOW HITPOINT WARNING * * *
You feel sick. The wolf closely misses you.
You barely miss the wolf.
The wolf is almost dead.
You die...

#.......##..#
#######...#.#
.....####.#.#
.>...###..#.#
.........##.#
........###.#
.......># #.######
......).# #....h.#
........# #b#
........########†#
##.............#.#
#.........###...#
#.........# ###.#
#.........# #.#
#.........#####..
#.......>.....##.####
##.........###.#
.....


You could see a wolf.

Vanquished Creatures
  A two-headed ogre (D:8)
  A cyclops (D:6)
  A manticore (D:7)
  A troll (D:7)
  A hornet (D:6)
  A yak (D:7)
  Grum (D:8)
  A steam dragon (D:8)
  A wyvern (D:7)
  A vampire mosquito (D:7)
  3 water moccasins
  3 ice beasts
  An orc warrior (D:7)
  A sky beast (D:7)
  2 black bears
  3 ogres
  2 centaurs
  A wolf (D:8)
  3 phantoms
  3 kobold brigands
  2 necrophages (D:5)
  2 elf zombies (Ossuary)
  2 scorpions (D:6)
  5 wights (D:7)
  A centaur zombie (Ossuary)
  A hound (D:5)
  A human zombie (Ossuary)
  2 orc priests (D:4)
  A jelly (D:6)
  2 gnoll shamans
  An iguana (D:3)
  5 orc wizards
  3 mummies
  17 gnolls
  9 adders
  A shadow imp (D:7)
  2 white imps (D:7)
  2 ufetubi
  An adder zombie (Ossuary)
  A worm (D:5)
  31 orcs
  4 endoplasms
  3 giant cockroaches
  8 goblins
  4 hobgoblins
  3 jackals (D:1)
  A quokka (D:4)
  10 ball pythons
  A bat (D:3)
  3 frilled lizards
  A goblin zombie (Ossuary)
  12 hobgoblin zombies
  10 kobolds
  10 kobold zombies
  6 orc zombies (Ossuary)
  7 rats
  4 rat zombies (Ossuary)
211 creatures vanquished.

Notes
Turn   | Place    | Note
-------+----------+-------------------------------------------
     0 | D:1      | thiscave3701365 the Minotaur Berserker began the quest for
                  | the Orb.
     0 | D:1      | Reached XP level 1. HP: 19/19 MP: 0/0
   283 | D:1      | Found a faded altar of an unknown god.
   359 | D:1      | Reached XP level 2. HP: 27/27 MP: 1/1
   360 | D:1      | Reached skill level 4 in Axes
   832 | D:2      | Reached XP level 3. HP: 24/33 MP: 2/2
   917 | D:2      | Reached skill level 5 in Axes
  1273 | D:2      | Reached ** piety under Trog
  1284 | D:2      | Reached XP level 4. HP: 40/40 MP: 3/3
  2379 | D:3      | Reached XP level 5. HP: 47/47 MP: 4/4
  2968 | D:3      | Found a burning altar of Makhleb.
  2968 | D:3      | Found a hide-covered altar of Uskayaw.
  3590 | D:4      | Reached skill level 6 in Axes
  3971 | D:4      | Reached skill level 5 in Fighting
  4143 | D:4      | Found an iron altar of Okawaru.
  4270 | D:4      | Reached XP level 6. HP: 56/56 MP: 5/5
  4364 | D:4      | Found a snail-covered altar of Cheibriados.
  5130 | D:4      | Found an opulent altar of Gozag.
  5130 | D:4      | Found a sparkling altar of Nemelex Xobeh.
  5201 | D:4      | Found a staircase to the Ecumenical Temple.
  5545 | D:5      | Entered Level 5 of the Dungeon
  5614 | D:5      | Reached skill level 7 in Axes
  5645 | D:5      | Reached XP level 7. HP: 61/61 MP: 6/6
  5686 | D:5      | Reached skill level 5 in Armour
  6897 | D:5      | Reached skill level 8 in Axes
  6972 | D:5      | Reached XP level 8. HP: 71/71 MP: 7/7
  7515 | D:5      | Found a broken altar of Ashenzari.
  7706 | D:5      | Identified the +0 chain mail "Fuibbaimp" {Str+3}
  7764 | D:6      | Noticed a hornet
  7770 | D:6      | Paralysed by a hornet for 2 turns
  7779 | D:6      | Killed a hornet
  8375 | D:6      | Noticed a cyclops
  8383 | D:6      | Killed a cyclops
  8384 | D:6      | Reached skill level 9 in Axes
  8384 | D:6      | Reached skill level 1 in Stealth
  8387 | D:6      | Reached XP level 9. HP: 57/79 MP: 8/8
  9567 | D:6      | Found Yssic's Distillery.
  9879 | D:7      | Noticed a troll
  9884 | D:7      | Killed a troll
  9885 | D:7      | Reached skill level 10 in Axes
 10149 | D:7      | Found a sand-covered staircase.
 10161 | Ossuary  | Entered an ossuary
 10210 | Ossuary  | Reached *** piety under Trog
 10603 | D:7      | HP: 1/121 [orc warrior/+0 dire flail (12)]
 10604 | D:7      | Reached skill level 11 in Axes
 10605 | D:7      | Reached skill level 10 in Armour
 10610 | D:7      | Reached **** piety under Trog
 11474 | D:7      | Reached XP level 10. HP: 88/88 MP: 9/9
 11767 | D:7      | Noticed a manticore
 12222 | D:7      | Killed a manticore
 12223 | D:7      | Reached skill level 12 in Axes
 13351 | D:8      | Noticed a two-headed ogre
 13358 | D:8      | Killed a two-headed ogre
 13359 | D:8      | Reached skill level 13 in Axes
 13842 | D:8      | Found a staircase to the Lair.
 13871 | D:8      | Noticed Grum
 13888 | D:8      | Killed Grum
 13890 | D:8      | HP: 3/132 [wolf[Grum] (11)]
 13892 | D:8      | HP: 1/132 [poisoned by Grum]
 13893 | D:8      | Succumbed to Grum's poison

Illustrated notes

Levels and vault maps discovered:
D:1:      wander_arrival_lonely_grave, layout_basic,
          ebering_ecumenical_altar_rust
D:2:      layout_basic, minmay_misc_feat_tower, grunt_decor_mini_mirrors
D:3:      layout_basic, mainiacjoe_overflow_divided_tiny
D:4:      layout_loops_ring, grunt_temple_overflow_opulence,
          general_overflow_altar, mainiacjoe_overflow_24_doors, temple_doors_ab
D:5:      layout_basic, mainiacjoe_overflow_paths
D:6:      layout_basic, serial_shops, nicolae_shop_behind_doors,
          minmay_increasing_density
D:7:      layout_basic, nicolae_ossuary_entry_giza, minmay_manual_mess
D:8:      layout_rooms, lair_entry_dummy, serial_co_window_serial,
          co_window_corner_a, co_window_corner_a, co_window_paths_a,
          co_window_paths_b, co_window_corner_a, co_window_of_opportunity_c,
          co_window_corner_b, co_window_corner_cb, co_window_of_opportunity_b,
          co_window_broadway_c, glass_columns_b, uniq_grum, uniq_amaemon

Skill      XL: |  1  2  3  4  5  6  7  8  9 10 |
---------------+-------------------------------+-----
Axes           | 4 5 6 7 8 9 11 13 | 13.7
Fighting       | 4 5 6 7 8 |  8.1
Armour         | 3 4 6 8 10 | 10.2
Dodging        | 3 4 |  4.8
Stealth        | 1 |  1.6

Action                   |  1- 3 |  4- 6 |  7- 9 | 10-12 || total
-------------------------+-------+-------+-------+-------++-------
Melee: Hand axe          |    52 |   126 |   265 |    50 ||   493
       Headbutt          |     5 |    17 |    45 |    15 ||    82
       Punch             |       |     2 |     3 |       ||     5
       Unarmed           |       |       |       |    19 ||    19
Invok: Berserk           |     1 |     9 |    14 |     4 ||    28
 Stab: Sleeping          |     1 |       |       |       ||     1
Armor: Animal skin       |    11 |     4 |       |       ||    15
       Chain mail        |       |    53 |   169 |    31 ||   253
Dodge: Dodged            |    34 |    56 |   118 |    38 ||   246

Table legend: (Time is in decaauts)
 A = Elapsed time spent in this place.
 B = Non-inter-level travel time spent in this place.
 C = Inter-level travel time spent in this place.
 D = Time resting spent in this place.
 E = Time spent auto-exploring this place.
 F = Levels seen in this place.
 G = Mean time per level.
                   A        B        C        D        E       F      G
               +--------+--------+--------+--------+--------+-----+--------+
         Total |  14090 |  13613 |    477 |   6979 |   5543 |   9 | 1565.6 |
       Dungeon |  13821 |  13344 |    477 |   6889 |   5448 |   8 | 1727.6 |
       Ossuary |    268 |    268 |      0 |     90 |     95 |   1 |  268.0 |
               +--------+--------+--------+--------+--------+-----+--------+

Top non-repeatable levels by time:
     D:6: 2878 daAuts
     D:4: 2420 daAuts
     D:7: 2120 daAuts
     D:5: 1824 daAuts
     D:3: 1738 daAuts
     D:2: 1179 daAuts
     D:8: 968 daAuts
     D:1: 690 daAuts
 Ossuary: 268 daAuts
